Unix NetHack Version 5.0.0-0 post-release - last build Jun 10 2026 00:39:30 (3ee93aec679c4c4259841fe613dc97188e26a321,branch:main).

Game began 2026-06-15 16:53:48, ended 2026-06-16 18:15:29.

DaveT, lawful male human Priest

    ---------------------------------------------------------- ------
    |...............................................................|
    |..------------.................................................|
    |..|..........|.................................................----
    |..|..........|..........}}}}}}}....................}}}}}}}........|
    |..|..(--|--|--..........}-----}....................}-----}........|
    |..|...|.................}|   |}}}}}}}}}}}}}}}}}}}}} |   |}........---
    |..|...|.................}--- -----------------------  ---}..........|
    |..|...-.................}..|   .......|               |.}}.../......|
    |..|...|...................@| .........|               |...........----+--
    |..|...|....................@C..\......|               |.).........|.....|
    |..|...-....................|oCh.......|               |...........-...."|
    |..|...|..............[..}-- ------------------------  ---}.)......|..)..|
    |..|...|.................}|   |}}}}}}}}}}}}}}}}}}}}  |   |}........|.)...|
    |..|...--|--|--..........}-----}....................}-----}......----[-).|
    |..|..........|..........}}}}}}}....................}}}}}}}......|..%)|..|
    |..|...(......|..................................................|.^%.|.`|
    |..------------................................................-----------
    |..............................................................|
    ---------------------------------------------------------------
DaveT the Curate             St:17 Dx:16 Co:18 In:15 Wi:19 Ch:12  Lawful
Fort Ludios $:73 HP:0(126) Pw:212(212) AC:-11 Xp:14 T:24335  Burdened

Latest messages:
 The mountain centaur picks up a crude short sword.
 The hobgoblin throws a crude dagger!
 The crude dagger hits the mountain centaur.
 The mountain centaur wields a crude short sword!
 You hit the mountain centaur!
 The mountain centaur thrusts his crude short sword.
 The mountain centaur just misses!
 The mountain centaur misses!
 The mountain centaur misses!
 The mountain centaur thrusts his crude short sword.
 The mountain centaur hits!
 The mountain centaur kicks!
 The mountain centaur misses!
 Croesus wields a cursed two-handed sword!
 The two-handed sword welds itself to Croesus' hands!
 The mountain centaur thrusts his crude short sword.
 The mountain centaur hits!
 The mountain centaur kicks!
 The mountain centaur kicks again!
 You hit the mountain centaur!
 The mountain centaur thrusts his crude short sword.
 The mountain centaur just misses!
 The mountain centaur kicks!
 The mountain centaur kicks again!
 You hit the mountain centaur!
 You kill the mountain centaur!
 The hill orc picks up a knife.
 You hit the hill orc!
 The hill orc wields a knife!
 You kill the hill orc!
 Croesus picks up 108 gold pieces.
 You hit Croesus!
 Croesus swings his two-handed sword.
 Croesus hits!
 You hit Croesus!
 Croesus swings his two-handed sword.
 Croesus hits!
 You hit Croesus!
 You hit Croesus!
 Croesus swings his two-handed sword.
 Croesus hits!
 You hit Croesus!
 Croesus swings his two-handed sword.
 Croesus hits!
 You hit Croesus!
 Croesus swings his two-handed sword.
 Croesus hits!
 You die...
 Do you want your possessions identified? [ynq] (y) y
 Do you want to see your attributes? [ynq] (y) q

Inventory:
 Coins    ('$')
  $ - 73 gold pieces
 Weapons  (')')
  d - 4 blessed +0 darts
  c - the blessed +5 Demonbane (weapon in right hand)
 Armor    ('[')
  v - a blessed +2 helm of brilliance (being worn)
  H - a blessed +2 pair of leather gloves (being worn)
  K - a blessed fireproof +3 pair of speed boots (being worn)
  s - a burnt +0 shield of drain resistance (being worn)
  b - a blessed +3 robe (being worn)
  w - a blessed rustproof +0 splint mail (being worn)
 Comestibles  ('%')
  x - a C-ration
  e - a clove of garlic
  W - a food ration
  f - a sprig of wolfsbane
  G - a lizard corpse
 Scrolls  ('?')
  C - a cursed scroll of identify
  O - a scroll of light
  h - 3 scrolls of teleportation
 Potions  ('!')
  y - a cursed potion of healing
 Rings    ('=')
  D - a ring of aggravate monster
  F - a ring of cold resistance
  N - a ring of free action (on left hand)
  R - a blessed +2 ring of increase accuracy
  k - a +5 ring of increase accuracy
  Q - a ring of levitation
  B - a ring of poison resistance
  m - a ring of protection from shape changers
  X - a ring of regeneration
  A - a ring of shock resistance
  a - a ring of slow digestion
  Y - a ring of teleportation
 Wands    ('/')
  M - a wand of cancellation (0:7)
  p - a wand of fire (0:0)
  r - a wand of magic missile (0:0)
  Z - a wand of polymorph (0:6)
  t - a wand of secret door detection (0:12)
  q - a wand of sleep (0:4)
  n - a cursed wand of slow monster (0:3)
  J - a wand of stasis (0:4)
  l - a wand of teleportation (0:3)
  z - a wand of undead turning (0:0)
 Tools    ('(')
  E - a blessed bag of holding containing 39 items
  o - an empty bag of holding
  P - a blessed magic marker (0:0)
  T - a blessed oil lamp
  j - a +0 pick-axe
  i - a skeleton key
  L - a stethoscope
  V - a towel
  S - a blessed +0 unicorn horn
 Gems/Stones  ('*')
  g - a touchstone

Contents of the bag of holding:
  2400 gold pieces
  13 +0 darts
  a +0 mummy wrapping
  2 C-rations
  a candy bar labeled "Wonka Bar"
  18 food rations
  a tin of lizard meat
  a lizard corpse
  2 lizard corpses
  a blessed scroll of amnesia
  a blessed scroll of blank paper
  4 scrolls of blank paper
  2 scrolls of confuse monster
  a blessed scroll of earth
  a scroll of food detection
  a cursed scroll of gold detection
  2 scrolls of light
  a scroll of magic mapping
  2 scrolls of remove curse
  a cursed scroll of remove curse
  a scroll of scare monster
  3 scrolls of teleportation
  a cursed scroll of teleportation
  a cursed spellbook of charm monster
  a spellbook of healing
  a potion of gain energy
  2 potions of monster detection
  a potion of object detection
  a cursed potion of object detection
  a potion of restore ability
  a cursed potion of restore ability
  a potion of sleeping
  7 potions of holy water
  12 potions of water
  a potion of unholy water
  a wooden harp
  an oil lamp
  a partly used tallow candle
  a partly used wax candle

DaveT the Priest's attributes:

Background:
 You were a Curate, a level 14 human Priest.
 You were lawful, on a mission for Blind Io
 who was opposed by The Lady (neutral) and Offler (chaotic).
 You were right-handed.
 You were on the Fort Ludios level.
 You entered the dungeon 24335 turns ago.
 There was a new moon in effect when your adventure ended.
 You had 80277 experience points, 79723 more were needed to attain level 15.

Basics:
 You had 0 out of 126 hit points.
 You had all 212 energy points (spell power).
 Your armor class was -11.
 Your wallet contained 73 zorkmids, and
 you had 2400 more stashed away in your pack.
 Autopickup was off.

Final Characteristics:
 Your strength was 17 (peak:18, limit:18/100).
 Your dexterity was 16 (limit:18).
 Your constitution was 18 (limit:18).
 Your intelligence was 15 (base:13, limit:18).
 Your wisdom was 19 (base:17, peak:18, innate limit:18).
 Your charisma was 12 (limit:18).

Final Status:
 You weren't hungry.
 You were burdened; movement was slightly slowed.
 You were wielding a mace.
 You had expert skill with mace.

Final Attributes:
 You were piously aligned.
 You were fire resistant.
 You were cold resistant.
 You were poison resistant.
 You were level-drain resistant.
 You were telepathic.
 You were guarded.
 Your spell casting was impaired by metallic armor, mitigated by your robe.
 You were very fast.
 You had free action.
 Blind Io was angry with you.
 You are dead.

Miscellaneous:
 You encountered 1 bones level.
 Total elapsed playing time was 3 hours, 51 minutes and 7 seconds.

Major events:
 Turn
    1: DaveT the lawful human Priest entered the dungeon
  883: entered the Gnomish Mines
 1263: attained the rank of Acolyte (level 3)
 2697: attained the rank of Adept (level 6)
 3567: reached Mine Town
 9196: was bestowed with Demonbane by Blind Io
 9648: was bestowed with Ogresmasher by Blind Io
13397: entered Sokoban
14527: attained the rank of Priest (level 10)
14693: completed 1st Sokoban level
15054: completed 2nd Sokoban level
15467: completed 3rd Sokoban level
16250: completed 4th Sokoban level
16672: acquired the Sokoban bag of holding
17281: was bestowed with Trollsbane by Blind Io
24249: attained the rank of Curate (level 14)
24335: killed by Croesus

Spells:
 Name                 Level Category     Fail Retention
 detect monsters        1   divination    30%    (gone)
 clairvoyance           3   divination    86%    (gone)
 healing                1   healing       12%  91%-100%
 levitation             4   escape       100%    1%-25%
 light                  1   clerical      30%   41%-50%
 detect unseen          3   divination    86%  76%-100%
 remove curse           3   clerical       0%  91%-100%

Skills:
 Fighting Skills
   bare handed combat [Unskilled]
 Weapon Skills
   club               [Unskilled]
   mace               [Expert]
   morning star       [Unskilled]
   flail              [Unskilled]
   hammer             [Unskilled]
   quarterstaff       [Unskilled]
   polearms           [Unskilled]
   spear              [Unskilled]
   trident            [Unskilled]
   lance              [Unskilled]
   bow                [Unskilled]
   sling              [Unskilled]
   crossbow           [Unskilled]
   dart               [Unskilled]
   shuriken           [Unskilled]
   boomerang          [Unskilled]
   unicorn horn       [Unskilled]
 Spellcasting Skills
   healing spells     [Basic]
   divination spells  [Unskilled]
   clerical spells    [Basic]

Voluntary challenges:
 Character rerolling was not enabled.
 You never genocided any monsters.
 You used no wishes.
 You did not violate any of the special Sokoban rules.
Achievements:
 You entered the Gnomish Mines.
 You attained the rank of Acolyte.
 You attained the rank of Adept.
 You entered Minetown.
 You entered a shop.
 You entered a temple.
 You entered Sokoban.
 You attained the rank of Priest.
 You completed Sokoban.
 You attained the rank of Curate.

 The Dungeons of Doom: levels 1 to 13
    Level 1:
    Level 2:
       An altar to Blind Io.
    Level 3:
       A fountain.
       Stairs down to The Gnomish Mines.
    Level 4:
    Level 5:
       A general store.
    Level 6:
    Level 7:
       An armor shop, a grave.
    Level 8:
       A fountain.
       Oracle of Delphi.
       Final resting place for
          Staengia-Wiz-Hum-Mal-Neu, killed by a gold golem.
    Level 9:
       Stairs up to Sokoban, level 8.
    Level 10:
    Level 11:
       A fountain.
    Level 12:
       Portal to Fort Ludios.
    Level 13:
 The Gnomish Mines: levels 4 to 10
    Level 4:
    Level 5:
    Level 6:
    Level 7:
       Many shops, a temple and an altar, some fountains, some trees.
    Level 8:
    Level 9:
    Level 10:
 Sokoban: levels 8 up to 5
    Level 5:
       Solved.
    Level 6:
       Solved.
    Level 7:
       Solved.
    Level 8:
       Solved.
 Fort Ludios:
    Level 1: <- You were here.
       A throne.
       Final resting place for
          you, killed by Croesus.


Vanquished creatures:
  2 gray dragons
 an orange dragon
  a green dragon
  a genetic engineer
  a nurse
  a lurker above
  a frost giant
  3 lieutenants
  a ghost
  a mind flayer
  3 giant mimics
  a long worm
  3 rock trolls
  a flesh golem
  5 elven monarchs
  a large mimic
  3 wumpuses
  a stalker
 an earth elemental
  a water elemental
  a giant mummy
  a black naga
 an elf-noble
 13 sergeants
  a water demon
  6 wargs
  a winter wolf
  6 small mimics
  3 warhorses
  2 xans
 an ogre leader
  3 quantum mechanics
  2 trolls
  3 gelatinous cubes
  a pyrolisk
  2 freezing spheres
  2 shocking spheres
  2 gargoyles
  4 ochre jellies
  a leocrotta
 an energy vortex
  a mountain centaur
  a human mummy
  a red naga
  2 pit vipers
  2 cobras
  5 wraiths
  3 carnivorous apes
  a leather golem
  5 Grey-elves
 72 soldiers
 an amorous demon
  5 chameleons
  2 crocodiles
  4 giant beetles
  a quivering blob
  3 cockatrices
  8 wolves
 13 winter wolf cubs
  a gremlin
  a spotted jelly
  3 leprechauns
  3 orc-captains
  2 iron piercers
  2 mumakil
  4 giant spiders
  4 horses
  2 ice vortices
  2 black lights
  4 forest centaurs
  5 gnome rulers
  2 orc mummies
  a dwarf mummy
  2 brown puddings
  a rust monster
  3 owlbears
  a yeti
  2 gold golems
  3 Green-elves
  4 giant eels
 12 lizards
  5 chickatrices
  4 housecats
  2 jaguars
  5 blue jellies
  3 black unicorns
  a dust vortex
  a raven
  7 plains centaurs
  a gnome mummy
  3 snakes
  2 apes
 11 human zombies
  5 rope golems
  9 Woodland-elves
  4 soldier ants
 17 bugbears
 an imp
  3 wood nymphs
  3 water nymphs
  5 mountain nymphs
 15 Mordor orcs
 12 Uruk-hai
 an orc shaman
  3 rock piercers
  2 rock moles
  2 ponies
  a fog cloud
  5 yellow lights
  3 shriekers
  4 violet fungi
 30 gnome leaders
  4 gnomish wizards
  5 kobold mummies
  6 gray oozes
  8 elf zombies
  a ghoul
  a paper golem
  8 giant ants
 13 floating eyes
  2 kittens
  8 dwarves
  4 homunculi
  8 kobold leaders
  3 kobold shamans
  5 hill orcs
 16 rothes
  4 rabid rats
  2 centipedes
  6 giant bats
  2 monkeys
  4 orc zombies
 10 dwarf zombies
  a werejackal
  5 iguanas
  8 killer bees
  6 acid blobs
  6 coyotes
  2 gas spores
  3 hobbits
  8 manes
  3 large kobolds
 25 hobgoblins
  7 giant rats
  4 cave spiders
  a brown mold
  5 yellow molds
  3 green molds
  2 red molds
 62 gnomes
 23 garter snakes
  5 gnome zombies
 11 geckos
 17 jackals
  5 kobolds
  4 goblins
  5 sewer rats
 19 grid bugs
  9 bats
 11 lichens
  7 kobold zombies
  9 newts
850 creatures vanquished.

No species were genocided or became extinct.

Game over:
                       ----------
                      /          \
                     /    REST    \
                    /      IN      \
                   /     PEACE      \
                  /                  \
                  |      DaveT       |
                  |     2473 Au      |
                  |    killed by     |
                  |     Croesus      |
                  |                  |
                  |                  |
                  |       2026       |
                 *|     *  *  *      | *
        _________)/\\_//(\/(/\)/\//\/|_)_______

Goodbye DaveT the Priest...

You died in Fort Ludios with 167474 points,
and 2473 pieces of gold, after 24335 moves.
You were level 14 with a maximum of 126 hit points when you died.

